 Dungeon Crawl Stone Soup version 0.31-a0-848-gaac375c287 (webtiles) character file.

Game seed: 10898051934962335998

19158 javelincjr the Mimic (level 12, -3/114 HPs)
             Began as a Troll Shapeshifter on Oct 4, 2023.
             Was an Elder of Trog.
             Slain by a wolf spider (7 damage)
             ... on level 3 of the Lair of Beasts.
             The game lasted 00:46:23 (11332 turns).

javelincjr the Mimic (Troll Shapeshifter)          Turns: 11332, Time: 00:46:23

Health: -3/114     AC:  7    Str: 35    XL:     12   Next: 34%
Magic:  11/11      EV:  9    Int: 10    God:    Trog [****..]
Gold:   664        SH: 19    Dex:  9    Spells: 11/11 levels left

rFire   . .          .
                       - Unarmed
rCold   . . .        g - +3 tower shield of the Known World {Int+4}
rNeg    + + .        P - melded +1 steam dragon scales
rPois   .            z - +2 hat
rElec   .            y - +2 cloak
rCorr   .            (gloves unavailable)
SInv    .            (boots unavailable)
Will    ++++.        s - amulet "Teser" {Reflect rN+ Will++ SH+5}
Stlth   +            f - ring of positive energy
HPRegen 2.19/turn    r - +6 ring of strength
MPRegen 0.12/turn

%: reflection
@: lethally poisoned (-3 -> -38), maw-form, strong-willed, regenerating
A: devouring maw, large, unfitting armour, claws 3, regeneration 1, shaggy fur
1, tough skin 1
a: Begin Untransformation, Renounce Religion, Berserk, Trog's Hand, Brothers in
Arms


You were on level 3 of the Lair of Beasts.
You worshipped Trog.
Trog was greatly pleased with you.
You were a creature with a mouth for a stomach.
You visited 3 branches of the dungeon, and saw 15 of its levels.
You also visited: Sewer.

You collected 664 gold pieces.

Inventory:

Hand Weapons
 b - a +5 scimitar
 e - a +2 dagger of venom
 n - a +1 dagger of electrocution
 t - the +6 dagger "Otoganu" {venom, rF+ Str+3 Int+2 SInv}
   (You found it on level 3 of the Dungeon)

   Str+3:     It affects your strength (+3).
   Int+2:     It affects your intelligence (+2).
   rF+:       It protects you from fire.
   SInv:      It lets you see invisible.
 N - a +1 spear of freezing
 Y - a +0 falchion of holy wrath
Missiles
 h - 111 stones
 k - 11 boomerangs
 p - 37 poisoned darts (quivered)
 x - a throwing net
 K - 2 javelins
Armour
 a - a +0 animal skin
 g - the +3 tower shield of the Known World (worn) {Int+4}
   (You acquired it on level 7 of the Dungeon)

   Int+4:     It affects your intelligence (+4).
 y - a +2 cloak (worn)
 z - a +2 hat (worn)
 M - a +0 kite shield
 P - +1 steam dragon scales (melded)
Jewellery
 f - a ring of positive energy (left claw)
 j - a ring of wizardry
 r - a +6 ring of strength (right claw)
 s - the amulet "Teser" (around neck) {Reflect rN+ Will++ SH+5}
   (You found it on level 3 of the Dungeon)

   [amulet of reflection]

   Reflect:   It reflects blocked missile attacks.
   rN+:       It protects you from negative energy.
   Will++:    It greatly increases your willpower.
   SH+5:      It affects your SH (+5).
 A - the Hermit's Pendant {Faith Invo=14 Evo=0 MP+5}
   (You found it on level 5 of the Dungeon)

   [amulet of faith]

   Invo=14: It sets your Invocations skill to 14.
   Evo=0: It sets your Evocations skill to 0.
   Faith:     It allows you to gain divine favour quickly.
   MP+5:      It affects your magic capacity (+5).
 B - a ring of fire
 G - an amulet of guardian spirit
 R - a ring of protection from fire
 X - an amulet of reflection
Talismans
 c - a beast talisman
 d - a flux talisman
 Q - a maw talisman (active)
Wands
 H - a wand of charming (5)
 S - a wand of mindburst (6)
 T - a wand of polymorph (8)
 W - a wand of flame (6)
Scrolls
 q - 3 scrolls of noise
 E - a scroll of amnesia
 L - 6 scrolls of teleportation
 O - a scroll of brand weapon
 U - a scroll of enchant weapon
 V - a scroll of revelation
 Z - a scroll of blinking
Potions
 i - 6 potions of curing
 l - a potion of ambrosia
 m - a potion of heal wounds
 o - 7 potions of enlightenment
 u - 3 potions of might
 v - 3 potions of magic
 w - 3 potions of brilliance
 C - 4 potions of haste
 D - 4 potions of mutation
 F - 2 potions of resistance
 I - a potion of attraction {unknown}
 J - 3 potions of lignification


   Skills:
 + Level 6.0 Fighting
 + Level 6.2 Dodging
 + Level 3.6 Shields
 + Level 7.8 Unarmed Combat
 * Level 14.8 Shapeshifting


You had 11 spell levels left.
You didn't know any spells.
Your spell library contained the following spells:

 Spells                   Type           Power      Damage    Failure   Level
 Freeze                   Ice            0%         1d3       80%         1
 Blink                    Tloc           0%         N/A       90%         2
 Lesser Beckoning         Tloc           0%         N/A       90%         2
 Momentum Strike          Conj/Tloc      0%         3d8       90%         2
 Sublimation of Blood     Necr           0%         N/A       90%         2
 Wereblood                Tmut           0%         N/A       90%         2
 Frozen Ramparts          Ice            0%         1d1       99%         3
 Hailstorm                Conj/Ice       0%         3d3       99%         3
 Summon Forest            Summ/Tloc      0%         N/A       100%        5
 Summon Mana Viper        Hex/Summ       0%         N/A       100%        5
 Summon Cactus Giant      Summ           0%         N/A       100%        6
 Summon Hydra             Summ           0%         N/A       100%        7


Dungeon Overview and Level Annotations

Branches:
Dungeon (11/15)            Temple (1/1) D:5            Lair (3/5) D:8
 Shoals (0/4) Lair:3       Spider (0/4) Lair:3        Sewer (visited)
    Orc: D:9-12

Altars:
Ashenzari
Cheibriados
Dithmenos
Elyvilon
Fedhas
Gozag
Hepliaklqana
Kikubaaqudgha
Makhleb
Nemelex Xobeh
Okawaru
Qazlal
Ru
Sif Muna
Trog
Uskayaw
Vehumet
Wu Jian
Xom
Yredelemnul
Zin
The Shining One

Shops:
D:3 =   D:5 :

Annotations:
Lair:2 1 runed translucent door, demibob's ghost, journeyman TrCK


Innate Abilities, Weirdness & Mutations

You are a creature with a mouth for a stomach.
Your midsection houses a second, enormous mouth.
You are too large for most types of armour.
You have claws for hands.
Your natural rate of healing is unusually fast.
You are covered in fur. (AC +1)
You have tough skin. (AC +1)


Message History

The culicivora chitters at the wolf spider.
The wolf spider is healed somewhat.
You closely miss the wolf spider. Your bite misses the wolf spider.
The wolf spider is moderately wounded.
You block the wolf spider's attack. The wolf spider bites you!
You are poisoned.
The wolf spider poisons you! You block the culicivora's attack.
You claw the wolf spider! Your bite misses the wolf spider.
The wolf spider is heavily wounded.
You feel very sick. You block the culicivora's attack.
You block the wolf spider's attack. The wolf spider bites you.
You are more poisoned.
The wolf spider poisons you! You block the culicivora's attack.
The culicivora bites you!
The culicivora draws strength from your injuries!
You claw the wolf spider!
The wolf spider is severely wounded.
You feel extremely sick. The wolf spider hits you!!
The wolf spider barely misses you.
You block the culicivora's attack. x2; The wolf spider closely misses you.
The wolf spider bites you!
The culicivora chitters at the wolf spider.
The wolf spider is healed somewhat.
You are too injured to fight recklessly!
You are too injured to fight recklessly!
Your skin crawls.
You feel strong-willed.
You feel extremely sick.
The culicivora chitters at the wolf spider.
The wolf spider is healed somewhat.
You block the wolf spider's attack. The wolf spider bites you!
* * * LOW HITPOINT WARNING * * *
You are lethally poisoned!
The wolf spider poisons you! You block the culicivora's attack.
The culicivora bites you!!
* * * LOW HITPOINT WARNING * * *
The culicivora draws strength from your injuries!
The wolf spider closely misses you. The wolf spider bites you!
You die...

..^^^#.................. #
^.s^^######.####........ # #^..^^#
###.#.###......# .
#^^^^^##............... .# .#
#^^....#.PP.#..P##.#. ..
...###.................. ..
.....##.......##......#. ...
...........#ss...............
.##....# #....Ws####.##P.#.#.P.
#.#.#.#.##..###P....#P..###..##..
.......... ....................
.........# .PP.........P...P...##
......................P..........
.##....P#.....P....<.........##.P
........................>........
##.##.....##P.#.##..#.....##.#.#.
##....#...##P.#.###...รท#..#.#...#


You could see a wolf spider and 2 culicivoras.

Vanquished Creatures
  A skyshark (Lair:2)
  2 manticores
  A black mamba (Lair:1)
  6 cane toads
  5 komodo dragons
  A hornet (D:6)
  A wind drake (Lair:3)
  5 blink frogs (Lair:3)
  A shadow (D:9)
  33 yaks
  6 wyverns
  6 basilisks
  4 steam dragons
  A redback (Lair:3)
  7 water moccasins
  2 sky beasts
  3 ice beasts
  3 black bears
  An orc warrior (D:8)
  15 wolves
  An ogre (D:5)
  A phantom (D:5)
  2 centaurs
  3 kobold brigands
  7 bullfrogs
  A gnoll sergeant (D:8)
  5 scorpions
  8 wights
  9 killer bees
  A howler monkey (D:7)
  3 jellies
  4 orc priests
  A gnoll bouda (D:8)
  5 hounds
  8 iguanas
  2 orc wizards
  A mummy (D:7)
  9 gnolls
  12 adders
  3 river rats (Sewer)
  A shadow imp (D:6)
  2 white imps (D:7)
  An ufetubus (D:6)
  4 worms
  3 dart slugs
  41 orcs
  12 bats
  5 endoplasms
  7 giant cockroaches
  17 goblins
  8 hobgoblins
  3 jackals (Sewer)
  9 quokkas
  13 ball pythons
  4 frilled lizards
  23 kobolds
  3 kobold zombies (D:7)
  An orc zombie (D:7)
  8 rats
355 creatures vanquished.

Notes
Turn   | Place    | Note
-------+----------+-------------------------------------------
     0 | D:1      | javelincjr the Troll Shapeshifter began the quest for the
                  | Orb.
     0 | D:1      | Reached XP level 1. HP: 18/18 MP: 0/0
   172 | D:1      | Reached XP level 2. HP: 26/26 MP: 1/1
   895 | D:2      | Reached skill level 4 in Shapeshifting
   908 | D:2      | Reached XP level 3. HP: 32/32 MP: 2/2
  1689 | D:2      | Reached XP level 4. HP: 36/40 MP: 3/3
  1898 | D:3      | Identified the amulet "Teser" {Reflect rN+ Will++ SH+5}
  2007 | D:3      | Found Pumak's Jewellery Boutique.
  2010 | D:3      | Identified the +6 dagger "Otoganu" {venom, rF+ Str+3 Int+2
                  | SInv}
  2076 | D:3      | Reached skill level 5 in Shapeshifting
  2099 | D:3      | Reached XP level 5. HP: 46/46 MP: 4/4
  2298 | D:4      | Found an ancient bone altar of Kikubaaqudgha.
  2598 | D:4      | Found a glowing drain.
  2618 | Sewer    | Entered a sewer
  2760 | Sewer    | Reached skill level 6 in Shapeshifting
  2853 | Sewer    | Reached XP level 6. HP: 19/54 MP: 5/5
  3671 | D:5      | Entered Level 5 of the Dungeon
  3683 | D:5      | Noticed an ice beast
  3692 | D:5      | Killed an ice beast
  3745 | D:5      | Reached skill level 7 in Shapeshifting
  3796 | D:5      | Reached XP level 7. HP: 60/61 MP: 6/6
  3864 | D:5      | Reached skill level 8 in Shapeshifting
  3947 | D:5      | Found Rumeij's Book Emporium.
  3959 | D:5      | Found the Hermit's Pendant {Faith Invo=14 Evo=0 MP+5}
  3998 | D:5      | Reached skill level 9 in Shapeshifting
  4031 | D:5      | Found a staircase to the Ecumenical Temple.
  4049 | Temple   | Entered the Ecumenical Temple
  4067 | Temple   | Became a worshipper of Trog the Wrathful
  4090 | D:5      | Reached XP level 8. HP: 67/68 MP: 7/7
  4678 | D:6      | Identified the +0 leather armour of Irres {rC+}
  4722 | D:6      | Found an opulent altar of Gozag.
  4726 | D:6      | Found a broken altar of Ashenzari.
  4751 | D:6      | Reached skill level 10 in Shapeshifting
  4787 | D:6      | Found a radiant altar of Vehumet.
  4787 | D:6      | Found a shimmering altar of Xom.
  4794 | D:6      | Found a white marble altar of Elyvilon.
  5003 | D:6      | Found a snail-covered altar of Cheibriados.
  5409 | D:7      | Reached skill level 11 in Shapeshifting
  5507 | D:7      | Reached XP level 9. HP: 70/75 MP: 8/8
  5507 | D:7      | Reached * piety under Trog
  5772 | D:6      | Paralysed by a hornet for 3 turns
  5779 | D:6      | Reached skill level 1 in Fighting
  5779 | D:6      | Reached skill level 12 in Shapeshifting
  5870 | D:7      | Noticed a manticore
  5890 | D:7      | Killed a manticore
  6370 | D:7      | Identified a scroll of acquirement
  6370 | D:7      | Acquired the +3 tower shield of the Known World {Int+4}
  6519 | D:8      | You fall into a shaft and drop 3 floors!
  6613 | D:10     | Entered Level 10 of the Dungeon
  6730 | D:10     | Reached XP level 10. HP: 57/88 MP: 9/9
  6917 | D:9      | Reached ** piety under Trog
  7110 | D:9      | Found a blossoming altar of Fedhas.
  7246 | D:9      | Found a shadowy altar of Dithmenos.
  7433 | D:8      | Reached skill level 5 in Unarmed Combat
  7570 | D:8      | Reached skill level 13 in Shapeshifting
  7785 | D:8      | Found a staircase to the Lair.
  8008 | D:8      | Reached *** piety under Trog
  8243 | Lair:1   | Entered Level 1 of the Lair of Beasts
  8283 | Lair:1   | Reached XP level 11. HP: 80/100 MP: 10/10
  8570 | Lair:1   | Reached skill level 5 in Dodging
  9249 | Lair:1   | Reached skill level 14 in Shapeshifting
  9253 | Lair:1   | Reached skill level 1 in Shields
  9364 | Lair:2   | Reached skill level 5 in Fighting
  9420 | Lair:2   | Noticed a skyshark
  9431 | Lair:2   | Killed a skyshark
  9682 | Lair:2   | Found a runed translucent door.
  9684 | Lair:2   | Found a shimmering altar of Xom.
  9684 | Lair:2   | Noticed demibob's ghost (journeyman TrCK)
  9684 | Lair:2   | Noticed a +4 scimitar of chaos
 10268 | Lair:2   | Reached XP level 12. HP: 111/111 MP: 11/11
 10791 | Lair:3   | Found a staircase to the Shoals.
 11115 | Lair:3   | Reached **** piety under Trog
 11320 | Lair:3   | Found a hole to the Spider Nest.
 11332 | Lair:3   | HP: 4/114 [culicivora (20)]
 11332 | Lair:3   | Slain by a wolf spider

Illustrated notes

Levels and vault maps discovered:
D:1:      dpeg_arrival_simpleton_a, layout_basic, serial_glass, glass_columns_a,
          glass_columns_a, nicolae_the_louvre
D:2:      minmay_razor_zed, layout_basic
D:3:      layout_rooms, serial_shops, nicolae_shop_advertising_works
          [nicolae_subvault_shop_adworks], st_stairs_3, minmay_ruptured
D:4:      layout_loops_ring, nicolae_kikubaaqudgha_miasma_corner,
          cheibrodos_sewer_entry_drain
D:5:      layout_cave_pods, minmay_temple_entry_butterflies, serial_shops,
          nicolae_shop_just_a_little_nook, minmay_misc_feat_chi,
          minmay_misc_feat_ornament
D:6:      layout_loops_cross, mainiacjoe_overflow_tiny_flanked,
          nicolae_overflow_hallway_of_the_gods, minmay_holes
D:7:      minmay_s_stair_smasher, layout_basic, minmay_mini_ossuary
D:8:      layout_rooms, erik_lair_dragon
D:9:      layout_irregular_city, mainiacjoe_overflow_alcove_4,
          mainiacjoe_overflow_alcove_2, orc_0_dummy, pf_guarded_unrand_meek,
          uniq_erica
D:10:     layout_roguey, minmay_misc_feat_five, uniq_amaemon, uniq_snorg
D:11:     layout_irregular_city
Temple:   dshaligram_water_room_temple
Lair:1:   layout_small_grid
Lair:2:   beast_lair_carwin_large_3, layout_regular_city, ebering_ghost_xom
Lair:3:   layout_long_grid, minmay_shoals_entry_beasts,
          spider_nest_entry_funnel_web, nicolae_lair_grove_arrangements

Skill      XL: |  1  2  3  4  5  6  7  8  9 10 11 12 |
---------------+-------------------------------------+-----
Shapeshifting  | 4 5 6 7 9 11 12 13 14 | 14.8
Fighting       | 2 4 5 6 |  6.0
Dodging        | 3 4 5 6 |  6.2
Unarmed Combat | 4 6 7 |  7.8
Shields        | 2 3 |  3.6

Action                     |  1- 3 |  4- 6 |  7- 9 | 10-12 || total
---------------------------+-------+-------+-------+-------++-------
  Melee: Unarmed           |    29 |    37 |   302 |   385 ||   753
         Punch             |     4 |     3 |       |       ||     7
         Dagger            |    80 |   170 |       |   207 ||   457
         Maw               |       |       |       |    97 ||    97
  Throw: Dart              |       |       |       |     1 ||     1
 Invoke: Berserk           |       |       |     2 |     8 ||    10
         Trog's Hand       |       |       |       |     4 ||     4
    Use: Potion            |       |     2 |     2 |       ||     4
         Scroll            |       |    12 |     7 |     7 ||    26
 Armour: Animal skin       |    87 |   109 |   237 |   149 ||   582
         Skin              |       |    28 |       |   184 ||   212
         Steam dragon scal |       |       |       |   141 ||   141
  Dodge: Dodged            |    46 |    79 |   137 |   250 ||   512
  Block: Other             |       |    43 |    70 |    77 ||   190
         Reflection        |       |       |     3 |     1 ||     4
         Tower shield      |       |       |       |   313 ||   313
   Form: Flux              |       |     1 |       |       ||     1
         Maw               |       |       |       |     1 ||     1

Table legend: (Time is in decaauts)
 A = Elapsed time spent in this place.
 B = Non-inter-level travel time spent in this place.
 C = Inter-level travel time spent in this place.
 D = Time resting spent in this place.
 E = Time spent auto-exploring this place.
 F = Levels seen in this place.
 G = Mean time per level.
                   A        B        C        D        E       F      G
               +--------+--------+--------+--------+--------+-----+--------+
         Total |  11428 |  10790 |    638 |    611 |   6994 |  16 |  714.2 |
       Dungeon |   7875 |   7310 |    565 |    381 |   4729 |  11 |  715.9 |
        Temple |     30 |     30 |      0 |      0 |      0 |   1 |   30.0 |
          Lair |   2904 |   2832 |     72 |    179 |   1892 |   3 |  968.0 |
         Sewer |    617 |    617 |      0 |     50 |    372 |   1 |  617.0 |
               +--------+--------+--------+--------+--------+-----+--------+

Top non-repeatable levels by time:
  Lair:2: 1279 daAuts
  Lair:1: 1075 daAuts
     D:8: 1055 daAuts
     D:7: 1028 daAuts
     D:5: 1005 daAuts
     D:2: 901 daAuts
     D:1: 851 daAuts
     D:6: 831 daAuts
     D:4: 813 daAuts
     D:9: 645 daAuts
   Sewer: 617 daAuts
  Lair:3: 548 daAuts
     D:3: 515 daAuts
    D:10: 125 daAuts
    D:11: 103 daAuts
